 Dungeon Crawl Stone Soup version 0.28-b1-25-g9875b3fc8c (webtiles) character file.

Game seed: 18419924193760342456

55 crazypyro the Chopper (level 3, -4/31 HPs)
             Began as a Minotaur Fighter on Jan 31, 2022.
             Was a Follower of Fedhas.
             Slain by a phantom (6 damage)
             ... on level 3 of the Dungeon.
             The game lasted 00:01:55 (1727 turns).

crazypyro the Chopper (Minotaur Fighter)            Turns: 1727, Time: 00:01:56

Health: -4/31      AC:  6    Str: 22    XL:     3   Next: 67%
Magic:  2/2        EV:  9    Int:  5    God:    Fedhas [*.....]
Gold:   53         SH:  4    Dex:  9    Spells: 2/2 levels left

rFire   . . .      SeeInvis .   a - +0 war axe
rCold   . . .      Faith    .   c - +0 buckler
rNeg    . . .      Spirit   .   b - +0 scale mail
rPois   .          Reflect  .   (helmet restricted)
rElec   .          Harm     .   (no cloak)
rCorr   .          Rampage  .   (no gloves)
Will    .....                   (no boots)
Stlth   ..........              (no amulet)
HPRegen 0.10/turn               (no ring)
MPRegen 0.08/turn               (no ring)

@: no status effects
A: horns 2, retaliatory headbutt
a: Renounce Religion


You were on level 3 of the Dungeon.
You worshipped Fedhas.
Fedhas was aware of your devotion.
You visited 1 branch of the dungeon, and saw 3 of its levels.

You collected 53 gold pieces.

Inventory:

Hand Weapons
 a - a +0 war axe (weapon)
 f - a +0 war axe
Armour
 b - a +0 scale mail (worn)
 c - a +0 buckler (worn)
Scrolls
 e - 2 scrolls of identify {unknown}
 h - a scroll of magic mapping {unknown}
Potions
 d - a potion of might
 g - a potion of flight {unknown}
 i - a potion of curing {unknown}


   Skills:
 - Level 3.6 Fighting
 * Level 4.6 Axes
 - Level 3.6 Armour
 - Level 3.6 Shields
 + Level 1.1 Invocations


You had 2 spell levels left.
You didn't know any spells.
Your spell library contained the following spells:

 Spells                   Type           Power      Damage    Failure   Level
 Ensorcelled Hibernation  Hex/Ice        0%         N/A       95%         2
 Passwall                 Tmut/Erth      0%         N/A       95%         2
 Swiftness                Air            0%         N/A       99%         3


Dungeon Overview and Level Annotations

Branches:
Dungeon (3/15)

Altars:
Fedhas


Innate Abilities, Weirdness & Mutations

You have a pair of horns on your head.
You reflexively headbutt those who attack you in melee.


Message History

The phantom is heavily damaged.
You hit the endoplasm. The endoplasm freezes you.
You are frozen.
The phantom hits you.
You completely miss the endoplasm.
You headbutt the endoplasm, but do no damage.
The endoplasm is almost dead.
You barely miss the phantom. The endoplasm barely misses you.
The phantom hits you.
The phantom blinks!
You blink.
You are too injured to fight recklessly!
You are too injured to fight recklessly!
You are too injured to fight recklessly!
You barely miss the phantom.
The phantom is heavily damaged.
You block the phantom's attack. The phantom hits you.
* * * LOW HITPOINT WARNING * * *
The phantom blinks!
You blink.
Found 11 gold pieces.
You completely miss the phantom.
The phantom is heavily damaged.
The phantom hits you but does no damage.
You closely miss the phantom. Your headbutt misses the phantom.
The phantom is heavily damaged.
The phantom hits you but does no damage.
You slash the phantom!
The phantom is severely damaged.
The phantom barely misses you. You block the phantom's attack.
You hit the phantom but do no damage.
The phantom is severely damaged.
The phantom hits you!
* * * LOW HITPOINT WARNING * * *
You closely miss the phantom. You headbutt the phantom.
The phantom is severely damaged.
The phantom hits you.
* * * LOW HITPOINT WARNING * * *
The phantom blinks!
You blink.
You hit the phantom.
The phantom is almost destroyed.
The phantom hits you.
You die...
Fedhas appreciates your contribution to the ecosystem.

########## ...#...<#
##########
.#####.#.######.§.......
..............J.§..#
.###.#†.)......#@#...#
#...........W###..#
#†J......#.#.# #
#§.......#$ .#
#.§......#. #.
♣.♣......#. .#
♣..♣♣.....## ##
.P♣.♣..#### P. .♣...#


You could see a phantom and an endoplasm.

Vanquished Creatures
  2 adders
  A worm (D:2)
  A bat (D:1)
  4 endoplasms
  4 goblins
  2 hobgoblins
  3 jackals (D:1)
  3 kobolds
  2 quokkas
  4 ball pythons
  6 rats
32 creatures vanquished.

Vanquished Creatures (others)
  A plant (D:3)
1 creature vanquished.

Grand Total: 33 creatures vanquished

Notes
Turn   | Place    | Note
-------+----------+-------------------------------------------
     0 | D:1      | crazypyro the Minotaur Fighter began the quest for the Orb.
     0 | D:1      | Reached XP level 1. HP: 19/19 MP: 0/0
   243 | D:1      | Reached skill level 3 in Axes
   316 | D:1      | Found a faded altar of an unknown god.
   368 | D:1      | Reached XP level 2. HP: 26/26 MP: 1/1
   378 | D:1      | Prayed at the altar of an unknown god.
   378 | D:1      | Became a worshipper of Fedhas Madash
   378 | D:1      | Reached * piety under Fedhas
  1066 | D:2      | Reached skill level 4 in Axes
  1112 | D:2      | Reached XP level 3. HP: 30/31 MP: 2/2
  1710 | D:3      | Noticed a phantom
  1719 | D:3      | Reached skill level 1 in Invocations
  1727 | D:3      | Slain by a phantom

Illustrated notes

Levels and vault maps discovered:
D:1:      roderic_crossed_star, layout_basic,
          hellmonk_ecumenical_altar_heavens_door, grunt_decor_mini_mirrors
D:2:      layout_loops_ring, kennysheep_decorative_pillar, minmay_between
D:3:      layout_basic, serial_forest, infiniplex_forest_lined_room_2,
          infiniplex_forest_lined_room_3, infiniplex_forest_corner_1,
          infiniplex_forest_clump_curved, infiniplex_forest_end_double,
          cheibrodos_sewer_entry_sluice, minmay_fractal_squares_diagonal_5,
          uniq_jessica, uniq_grinder

Skill      XL: |  1  2  3 |
---------------+----------+-----
Axes           | 3 4 |  4.6
Invocations    | 1 |  1.1
Fighting       | |  3.6
Armour         | |  3.6
Shields        | |  3.6

Action                   || total
-------------------------++-------
Melee: War axe           ||    65
       Headbutt          ||     7
Armor: Scale mail        ||    23
Dodge: Dodged            ||    38
Block: Buckler           ||    12
